 Dungeon Crawl Stone Soup version 0.29.0-4-gdea44cf6ec (webtiles) character file.

Game seed: 2861505693093961959

49 qw the Chopper (level 3, -4/21 HPs)
             Began as a Tengu Warper on Aug 28, 2022.
             Slain by a goblin
             ... wielding a +0 club
             ... led by Robin
              (5 damage)
             ... on level 2 of the Dungeon.
             The game lasted 00:00:08 (1324 turns).

qw the Chopper (Tengu Warper)                       Turns: 1324, Time: 00:00:09

Health: -4/21      AC: 10    Str: 13    XL:     3   Next: 75%
Magic:  7/7        EV:  3    Int: 13    God:
Gold:   37         SH:  0    Dex: 13    Spells: 6/6 levels left

rFire   . . .      SeeInvis .   Y - +0 hand axe (freeze)
rCold   . . .      Faith    .   (no shield)
rNeg    . . .      Spirit   .   d - +0 plate armour
rPois   .          Reflect  .   (helmet restricted)
rElec   .          Harm     .   (no cloak)
rCorr   .          Rampage  .   (no gloves)
Will    .....                   (boots unavailable)
Stlth   ..........              (no amulet)
HPRegen 0.07/turn               (no ring)
MPRegen 0.10/turn               (no ring)

@: no status effects
A: beak, talons 3
a: no special abilities


You were on level 2 of the Dungeon.
You visited 1 branch of the dungeon, and saw 2 of its levels.

You collected 37 gold pieces.


Innate Abilities, Weirdness & Mutations

You have a beak for a mouth.
You have claws for feet.


   Skills:
 - Level 2.0 Fighting
 + Level 4.0 Axes
 - Level 1.0 Throwing
 - Level 2.0 Armour
 - Level 2.1 Dodging
 - Level 2.0 Spellcasting
 - Level 2.4 Translocations


You had 6 spell levels left.
You didn't know any spells.
Your spell library contained the following spells:

 Spells                   Type           Power      Damage    Failure   Level
 Blink                    Tloc           14%        N/A       100%        2
 Gell's Gravitas          Tloc           7%         N/A       100%        3
 Lesser Beckoning         Tloc           7%         N/A       100%        3
 Teleport Other           Tloc           7%         N/A       100%        3
 Manifold Assault         Tloc           7%         N/A       100%        5

Inventory:

Hand Weapons
 j - a +0 whip
 Y - a +0 hand axe of freezing (weapon)
Armour
 d - a +0 plate armour (worn)
Potions
 a - a potion of might {unknown}
 g - a potion of lignification {unknown}
 h - a potion of attraction {unknown}
 k - a potion of curing {unknown}

Dungeon Overview and Level Annotations

Branches:
Dungeon (2/15)

Altars:

Annotations:
D:2 Robin


Message History

The kobold hits you but does no damage.
You hit the kobold. You freeze the kobold.
You kill the kobold!
The goblin shoots a sling bullet.
The sling bullet hits you but does no damage.
You barely miss the goblin. You claw the goblin.
You kill the goblin!
The goblin shoots a sling bullet.
The sling bullet hits you but does no damage.
The goblin shoots a sling bullet.
The sling bullet barely misses you.
You hear a shout!
Your Armour skill increases to level 2!
You closely miss the goblin. Your kick misses the goblin.
The goblin hits you with a +0 club. Robin throws the goblin at you!
The goblin hits you but does no damage.
You barely miss the goblin. You hit the goblin. You freeze the goblin.
The goblin hits you with a +0 club. The goblin hits you but does no damage.
The goblin shoots a sling bullet.
The sling bullet hits you. The sling bullet burns you.
You barely miss the goblin. Your kick misses the goblin.
The goblin is heavily wounded.
You hit the goblin. You freeze the goblin.
You kill the goblin!
The goblin hits you but does no damage. Robin throws the goblin at you!
The goblin shoots a sling bullet.
The sling bullet hits you but does no damage.
You barely miss the goblin.
The goblin is heavily wounded.
You miss the goblin. The goblin barely misses you.
The goblin hits you but does no damage.
The goblin shoots a sling bullet.
The sling bullet hits you but does no damage.
You hit the goblin. You freeze the goblin.
You kill the goblin!
You hit the goblin. You freeze the goblin.
The goblin hits you but does no damage. Robin throws the goblin at you!
The goblin unwields a +2 sling of flaming.
It stops flaming.
The goblin wields a +0 club.
The goblin hits you with a +0 club.
You die...

### ###
######.########.###
..................#
######.#####.##.###
#.#........#######
#.#.###.##........ ##
#.#.###.##.#######
.#####.#.....##g#######
.........>.....g@...g.#
..........##.##g#####.#
.................g.g...
.............##...g...g
<........... ..)......
....<..##.# #.#.K.#.g
....##.## #?###.# #
...## ..# .. .... #.#
..


You could see Robin and 3 goblins.

Vanquished Creatures
  An adder (D:2)
  2 dart slugs (D:1)
  5 ball pythons (D:1)
  2 endoplasms (D:1)
  9 goblins
  2 hobgoblins (D:1)
  2 quokkas
  2 bats (D:1)
  2 frilled lizards (D:1)
  4 kobolds
  4 rats (D:1)
35 creatures vanquished.

Notes
Turn   | Place    | Note
-------+----------+-------------------------------------------
     0 | D:1      | qw the Tengu Warper began the quest for the Orb.
     0 | D:1      | Reached XP level 1. HP: 12/12 MP: 4/4
     0 | D:1      | 0 ||| qw: Version: 0.1-a-89-g26bdef1
     0 | D:1      | 0 ||| qw: Game counter: 1099
     0 | D:1      | 0 ||| qw: Always use a shield: true
     0 | D:1      | 0 ||| qw: God list: Okawaru
     0 | D:1      | 0 ||| qw: Allow faded altars: false
     0 | D:1      | 0 ||| qw: Do Orc after D:15 true
     0 | D:1      | 0 ||| qw: Do second Lair branch before Depths: true
     0 | D:1      | 0 ||| qw: Lair rune preference: random
     0 | D:1      | 0 ||| qw: Plans: Normal
     0 | D:1      | 0 ||| PLANNING D:1-11
    78 | D:1      | 78 ||| Stepping ~*~*~tactically~*~*~ (stealth).
    84 | D:1      | 84 ||| Stepping ~*~*~tactically~*~*~ (stealth).
   122 | D:1      | Reached XP level 2. HP: 12/17 MP: 6/6
   124 | D:1      | Reached skill level 3 in Axes
   305 | D:1      | Found a faded altar of an unknown god.
   406 | D:1      | 406 ||| Stepping ~*~*~tactically~*~*~ (hiding).
   508 | D:1      | 508 ||| Stepping ~*~*~tactically~*~*~ (hiding).
   610 | D:1      | 610 ||| Stepping ~*~*~tactically~*~*~ (hiding).
   797 | D:1      | 797 ||| Stepping ~*~*~tactically~*~*~ (stealth).
   798 | D:1      | 798 ||| Stepping ~*~*~tactically~*~*~ (stealth).
   800 | D:1      | 800 ||| Stepping ~*~*~tactically~*~*~ (stealth).
   801 | D:1      | 801 ||| Stepping ~*~*~tactically~*~*~ (stealth).
   853 | D:1      | 853 ||| Stepping ~*~*~tactically~*~*~ (stealth).
  1016 | D:1      | Reached XP level 3. HP: 21/21 MP: 7/7
  1185 | D:1      | Reached skill level 4 in Axes
  1186 | D:1      | 1186 ||| UPGRADING to +0 plate armour.
  1196 | D:1      | 1196 ||| DROPPING +0 leather armour.
  1197 | D:1      | 1197 ||| READING scroll labelled ENIJIV JUO.
  1198 | D:1      | 1198 ||| READING 2 scrolls labelled YNOWETZINADD.
  1199 | D:1      | 1199 ||| READING scroll of brand weapon.
  1199 | D:1      | 1199 ||| BRANDING +0 hand axe of chaos.
  1200 | D:1      | 1200 ||| READING scroll labelled SUDEOWICAN.
  1201 | D:1      | 1201 ||| DROPPING scroll of blinking.
  1305 | D:2      | 1305 ||| Stepping ~*~*~tactically~*~*~ (stealth).
  1308 | D:2      | 1308 ||| Stepping ~*~*~tactically~*~*~ (stealth).
  1315 | D:2      | Noticed Robin
  1321 | D:2      | HP: 4/21 [goblin/+0 club[Robin] (3)]
  1321 | D:2      | HP: 1/21 [goblin/sling bullet[Robin] (1)]
  1324 | D:2      | Slain by a goblin

Levels and vault maps discovered:
D:1:      minmay_arrival_open_corners, layout_loops_cross,
          chequers_ecumenical_altar_simple, minmay_misc_feat_tiny,
          minmay_misc_feat_chi
D:2:      layout_basic, serial_shops, nicolae_shop_stone, uniq_natasha,
          uniq_robin

Skill      XL: |  1  2  3 |
---------------+----------+-----
Axes           | 3 4 |  4.0
Armour         | 2 |  2.0
Fighting       | |  2.0
Throwing       | |  1.0
Dodging        | |  2.1
Spellcasting   | |  2.0
Translocations | |  2.4

Action                   || total
-------------------------++-------
Melee: Hand axe          ||    83
       Peck              ||    11
       Kick              ||    10
       Punch             ||     1
Throw: Boomerang         ||     7
  Use: Scroll            ||     4
Armor: Leather armour    ||    14
       Plate armour      ||    28
Dodge: Dodged            ||    40

Table legend:
 A = Non-vault XP
 B = Vault XP
 C = Vault XP percentage of total XP
 D = Non-vault monster count
 E = Vault monster count
 F = Vault count percentage of total count
                 A         B        C        D         E       F
            +---------+---------+-------+---------+---------+-------
      Total |      62 |      10 |  13.9 |      30 |       5 |  14.3
            +---------+---------+-------+---------+---------+-------
        D:1 |      45 |       0 |   0.0 |      27 |       0 |   0.0
        D:2 |      17 |      10 |  37.0 |       3 |       5 |  62.5
            +---------+---------+-------+---------+---------+-------
